Map: 아너그라운드 - 래더

Players

BLY

  • Race: Zerg Zerg
  • Spawn Location: 7:00

Stats - Winner!

  • Race: Protoss Protoss
  • Spawn Location: 5:00

Event: IEM XI Katowice - World Championship 2017

VOD

Have the link to the VOD?

Description

Time

  • Played on: Feb. 27, 2017, 6:58 a.m.
  • Length: 8:21

All games in this series

Show
View Real Time Build Order
Export as new Build Order

BLY Zerg 

Build Orders: Hatch First, Zergling Baneling 

Get SALT Encoding   

  12  0:01  Drone  
  13  0:12  Overlord  
  13  0:17  Drone  
  14  0:31  Drone x2  
  14  0:35  Drone  
  17  0:53  Hatchery  
  16  0:57  Drone  
  16  1:01  Drone  
  16  1:03  Extractor  
  17  1:16  Spawning Pool  
  17  1:18  Drone  
  17  1:21  Drone  
  18  1:30  Drone  
  19  1:42  Overlord  
  19  1:54  Drone  
  20  2:05  Queen x2  
  20  2:06  Zergling x4  
  26  2:10  Metabolic Boost  
  26  2:17  Drone  
  26  2:18  Drone  
  28  2:29  Drone  
  29  2:38  Hatchery  
  28  2:46  Evolution Chamber  
  28  2:50  Drone  
  28  2:56  Drone x2  
  30  3:02  Zergling x4, Overlord  
  30  3:03  Overlord  
  32  3:13  Baneling Nest  
  32  3:16  Zergling x4  
  32  3:19  Overlord  
  33  3:24  Zergling x2  
  33  3:26  Zergling x2  
  35  3:30  Zergling x4  
  35  3:33  Zergling x2  
  38  3:34  Zergling x2  
  38  3:44  Zergling x8  
  42  3:51  Zergling x6  
  45  3:57  Baneling x5  
  45  3:58  Baneling  
  45  4:03  Baneling  
  45  4:05  Zergling x2  
  45  4:07  Zergling x2  
  47  4:11  Zergling x4  
  43  4:24  Zergling x2  
  43  4:25  Zergling x4  
  43  4:30  Zergling x8  
  49  4:38  Zergling x8  
  46  4:43  Zergling x4  
  49  4:51  Baneling  
  47  4:53  Zergling x2  
  47  4:54  Zergling x4  
  47  5:04  Zergling x4  
  47  5:05  Zergling x4  
  48  5:15  Baneling x2  
  45  5:34  Zergling x10  
  42  5:43  Spore Crawler  
  36  6:03  Zergling x22  
  28  6:34  Zergling x20  
  38  6:42  Baneling x4  
  38  6:43  Baneling  
  33  7:04  Baneling x2  
  33  7:10  Zergling x6  
  33  7:21  Zergling x6  
  22  7:33  Zergling x4  
  21  7:43  Drone x2  
  22  7:48  Drone x2  
  24  7:56  Zergling x2  
  24  7:57  Zergling x2  
Show
View Real Time Build Order
Export as new Build Order

Stats Protoss - Winner!

Build Orders: 1 Gate Expand, Zealot Archon, Dark Templar Rush 

Get SALT Encoding   

  12  0:01  Probe (Chrono Boost)  
  13  0:11  Probe (Chrono Boost)  
  14  0:17  Pylon  
  14  0:22  Probe (Chrono Boost)  
  16  0:35  Probe (Chrono Boost)  
  16  0:39  Gateway  
  16  0:46  Probe (Chrono Boost)  
  16  0:48  Assimilator  
  17  0:56  Probe (Chrono Boost)  
  18  1:07  Probe (Chrono Boost)  
  19  1:18  Probe (Chrono Boost)  
  20  1:25  Nexus  
  20  1:35  Cybernetics Core  
  20  1:38  Probe (Chrono Boost)  
  21  1:43  Assimilator  
  21  1:48  Probe (Chrono Boost)  
  21  1:53  Pylon  
  22  1:59  Probe (Chrono Boost)  
  23  2:08  Adept  
  23  2:12  Warp Gate, Probe (Chrono Boost)  
  26  2:24  Probe (Chrono Boost)  
  27  2:30  Pylon  
  27  2:32  Stalker  
  29  2:37  Probe (Chrono Boost)  
  29  2:39  Probe (Chrono Boost)  
  31  2:44  Twilight Council  
  31  2:48  Probe (Chrono Boost)  
  33  2:52  Probe (Chrono Boost)  
  33  2:59  Probe (Chrono Boost)  
  33  3:04  Probe (Chrono Boost)  
  35  3:07  Robotics Facility  
  35  3:10  Probe (Chrono Boost)  
  36  3:14  Probe (Chrono Boost)  
  37  3:20  Dark Shrine  
  37  3:23  Probe (Chrono Boost)  
  37  3:25  Probe (Chrono Boost)  
  37  3:26  Pylon  
  39  3:34  Probe (Chrono Boost)  
  40  3:35  Probe (Chrono Boost)  
  40  3:39  Gateway  
  41  3:45  Probe (Chrono Boost)  
  41  3:46  Mothership Core (Chrono Boost)  
  44  3:49  Assimilator  
  44  3:50  Assimilator  
  44  3:51  Warp Prism  
  44  4:00  Probe (Chrono Boost)  
  44  4:02  Pylon  
  47  4:04  Probe (Chrono Boost)  
  48  4:12  Probe (Chrono Boost)  
  48  4:15  Probe (Chrono Boost)  
  50  4:17  Gateway  
  50  4:25  Adept  
  50  4:26  Immortal  
  49  4:41  Dark Templar  
  46  4:50  Dark Templar  
  43  4:56  Pylon  
  38  5:01  Pylon  
  38  5:14  Adept x2  
  40  5:41  Sentry  
  38  5:51  Adept  
  38  5:55  Adept  
  42  6:08  Adept  
  44  6:16  Probe x2 (Chrono Boost)  
  44  6:23  Dark Templar  
  39  6:32  Archon  
  39  6:41  Probe x2 (Chrono Boost)  
  41  6:52  Probe (Chrono Boost)  
  42  7:02  Probe (Chrono Boost)  
  42  7:03  Sentry  
  42  7:06  Probe (Chrono Boost)  
  46  7:13  Probe (Chrono Boost)  
  47  7:17  Probe (Chrono Boost)  
  48  7:24  Zealot, Sentry  
  48  7:28  Probe x2 (Chrono Boost)  
  50  7:40  Probe x2 (Chrono Boost)  
  52  7:45  Sentry  
  54  7:53  Pylon  
  54  8:00  Pylon  

Tags
 
Add a new tag
Caveats
  • Supply blocks, unpowered buildings, or Contaminate may cause inaccurate times.
  • Supply counts are checked every 10 seconds.